cohdb
Replays
Latest Replays
All Replays
Popular Replays
Top Player Replays
Match Explorer
How It Works
Community
CoH3 Stats
Reddit
Sign in to upload your games and track your stats! →
Sign in with Steam
Match 41588221
Unlisted
Match 41588221
Overview
Messages
Build Orders
End
Kradschützen Motorcycle Team
Panzergrenadier Squad
250 Light Carrier
Panzergrenadier Squad
Construct Light Support Kompanie
MG34 Team
Construct Mechanized Kompanie
Panzerjäger Mechanized Group
Support Armor Elements
Combat Half-tracks
StuG III D Assault Gun
Veteran Squad Leaders
le.IG 18 Mechanized Group
Selects Italian Combined Arms Battlegroup
Selects Semovente da 75/18 Assault Gun
Selects Strafing Run
Selects Artillery Cover
Selects Bersaglieri Squad
Selects Vehicle Support - Secure Location
Selects Vehicle Support - Force Recon
254 Reconnaissance Tractor
Artillery Cover
HulkSMASH
⚓️Ruby⚓
Trivolka
eliass0101
0
0
Comments
sign in to comment!
No comments posted yet!